 Dungeon Crawl Stone Soup version 0.30-a0-618-gd6c86c23d0 (webtiles) character file.

Game seed: 8931626535872996493

95685 Iich the Severer (level 15, -24/110 (129) HPs)
             Began as a Demonspawn Berserker on Jan 9, 2023.
             Was a High Priest of Trog.
             Killed from afar by a deep elf elementalist (34 damage)
             ... with a fireball
             ... on level 1 of the Orcish Mines.
             The game lasted 00:45:53 (20679 turns).

Iich the Severer (Demonspawn Berserker)            Turns: 20679, Time: 00:45:54

HP:   -24/110 (129) AC: 25    Str: 36    XL:     15   Next: 67%
MP:   15/15         EV: 17    Int:  8    God:    Trog [*****.]
Gold: 337           SH: 12    Dex: 20    Spells: 14/14 levels left

rFire   . . .      SeeInvis .    U - +2 demon whip (venom)
rCold   + . .      Faith    .    w - +1 kite shield {AC+3}
rNeg    + + .      Spirit   .    f - +4 steam dragon scales of Perpetual Drought {Drain rN++ Str+7}
rPois   .          Reflect  .    (helmet unavailable)
rElec   .          Harm     .    E - +2 cloak
rCorr   +          Rampage  .    Y - +1 pair of gloves {Str+3}
Will    +++..                    y - +2 pair of boots
Stlth   ++                       R - amulet of regeneration
HPRegen 2.18/turn                J - +5 ring of evasion
MPRegen 0.14/turn                A - ring of Elyvilon's Favour {rC+ Dex+6}

@: strong-willed, on berserk cooldown, regenerating, slowed, studying Axes,
heavily drained, unable to read, very slow
A: horns 3, yellow scales 3, demonic guardian 1, ignite blood 3, strong 1,
inability to read after injury 1
a: Renounce Religion, Berserk, Trog's Hand, Brothers in Arms


You were on level 1 of the Orcish Mines.
You worshipped Trog.
Trog was extremely pleased with you.
You visited 3 branches of the dungeon, and saw 21 of its levels.
You also visited: Gauntlet.

You collected 2150 gold pieces.
You spent 1813 gold pieces at shops.

Inventory:

Hand Weapons
 s - a +0 eveningstar
 U - a +2 demon whip of venom (weapon)
Missiles
 b - 6 silver javelins
 j - 18 poisoned darts (quivered)
 p - 2 throwing nets
 V - 3 datura-tipped darts
Armour
 f - the +4 steam dragon scales of Perpetual Drought (worn) {Drain rN++ Str+7}
   (You took it off a minotaur in a Gauntlet)

   Str:       It affects your strength (+7).
   rN:        It greatly protects you from negative energy.
   Drain:     It drains your maximum health when unequipped.
 w - a +1 kite shield of protection (worn)
 y - a +2 pair of boots (worn)
 C - a +2 pair of gloves
 E - a +2 cloak (worn)
 G - a +2 crystal plate armour
 Y - a +1 pair of gloves of strength (worn)
Jewellery
 a - the necklace of Bloodlust {*Rage Will++ Int-3 Slay+6}
   (You found it on level 1 of the Orcish Mines)

   [amulet of nothing]

   It extends the wearer's berserk rage when killing foes.
   Int:       It affects your intelligence (-3).
   Slay:      It affects your accuracy & damage with ranged weapons and melee
   (+6).
   *Rage:     It berserks you when you make melee attacks (+50% chance).
   Will:      It greatly increases your willpower.
 l - the ring "Fiyhutz" {rN+ rCorr Dex+4}
   (You found it in a Gauntlet)

   [ring of positive energy]

   Dex:       It affects your dexterity (+4).
   rN:        It protects you from negative energy.
   rCorr:     It protects you from acid and corrosion.
 r - a ring of see invisible
 A - the ring of Elyvilon's Favour (right hand) {rC+ Dex+6}
   (You found it on level 5 of the Lair of Beasts)

   [ring of dexterity]

   Dex:       It affects your dexterity (+6).
   rC:        It protects you from cold.
 B - a ring of fire
 J - a +5 ring of evasion (left hand)
 O - a ring of ice
 R - an amulet of regeneration (around neck)
 S - a ring of protection from cold
 Z - a ring of positive energy
Wands
 t - a wand of acid (30)
 z - a wand of polymorph (15)
 H - a wand of iceblast (9)
 M - a wand of flame (33)
 N - a wand of paralysis (13)
 W - a wand of mindburst (9)
Scrolls
 d - a scroll of silence
 e - 3 scrolls of poison
 i - 3 scrolls of fear
 k - 3 scrolls of immolation
 D - a scroll of fog
 I - 5 scrolls of teleportation
 L - 6 scrolls of identify
 X - a scroll of blinking
Potions
 c - 8 potions of might
 h - a potion of magic
 m - 18 potions of curing
 o - a potion of ambrosia
 q - a potion of cancellation
 u - 4 potions of flight
 x - 2 potions of haste
 F - a potion of lignification
 K - 2 potions of invisibility
 T - a potion of resistance
Miscellaneous
 v - a phantom mirror
 P - a condenser vane
 Q - a tin of tremorstones (2/2)


   Skills:
 + Level 15.3 Fighting
 - Level 19.8 Axes
 + Level 0.3 Throwing
 - Level 5.0 Armour
 - Level 3.7 Dodging
 * Level 6.6 Shields


You had 14 spell levels left.
You didn't know any spells.
Your spell library was empty.

Dungeon Overview and Level Annotations

Branches:
Dungeon (15/15)              Lair (5/5) D:9          Shoals (0/4) Lair:3
  Snake (0/4) Lair:3        Slime (0/5) Lair:4          Orc (1/2) D:11
 Vaults (0/5) D:14        Gauntlet (visited)
 Temple: D:4-7       Depths: D:15

Altars:
Cheibriados
Dithmenos
Gozag
Sif Muna
Trog
Uskayaw

Shops:
D:1 =   D:7 *[[=   D:13 (!*([   Orc:1 [

Annotations:
Orc:1 1 transporter


Innate Abilities, Weirdness & Mutations

You have a pair of large horns on your head.
You are completely covered in yellow scales. (AC +4, rCorr)
A weak demonic guardian rushes to your aid.
Your demonic aura causes all spilled blood to erupt in flames.
Your muscles are strong. (Str +4, Int/Dex -1)
You occasionally lose the ability to read scrolls when taking damage.


Message History

Trog accepts your kill.
Trog appreciates your killing of a magic user.
The deep elf zephyrmancer mumbles some strange words.
The deep elf zephyrmancer blinks!
The orc sorcerer barely misses you.
The deep elf annihilator points at you and mumbles some strange words.
The crystal spear misses you.
You are no longer berserk.
You are exhausted.
You feel yourself slow down.
You see here a +0 pair of gloves.
You feel much better.
The deep elf annihilator points at you and mumbles some strange words.
The bolt of lightning hits you!!
A demonic guardian appears!
The orc sorcerer hits your hellwing with a +0 dagger.
The deep elf zephyrmancer gestures at you while chanting.
The bolt of lightning hits you.
The deep elf annihilator gestures wildly while chanting.
The deep elf annihilator blinks!
The orc sorcerer wildly gestures.
The orc sorcerer shimmers violently.
The orc sorcerer closely misses your hellwing.
Your skin crawls.
You feel strong-willed.
The orc sorcerer shouts, "You can't withstand my power!"
The orc sorcerer hits your hellwing with a +0 dagger.
The deep elf zephyrmancer gestures at you while chanting.
The bolt of lightning hits you!!
The deep elf annihilator is engulfed in blazing flames.
The deep elf annihilator casts a spell at you.
The iron shot hits you!!!
* * * LOW HITPOINT WARNING * * *
Your hellwing closely misses the orc sorcerer.
Your hellwing hits the orc sorcerer.
Blink to where?
Press: ? - help, Q - select action, (/) - cycle Dir - move target
As you read the scroll of blinking, it crumbles to dust.
The deep elf elementalist gestures at you while chanting.
The fireball explodes!
The fireball engulfs you!!
You feel threatened and lose the ability to read scrolls!
You die...

.....# #.....#°# ## .....#
####.#.###### #. .....#
#y#.........## ##
.....#####..........##
.....#y#°#..⌠..###...############
.....#####.....#y#...#y#....##.'.
........##..ee)####''###....#..##
........##(.§☼o###...##.....##...
)......©##..§4_)@#!÷©##©.........
.)......##..e[)###...##..........
))......##..eE.####''###.........
.....#####....)#y#...#y#........#
.....#y#☼#.yo).###[..#######.....
.....#####...[......## ##.....
.....# #y#.......).## #......
#....# ######§###### #..#.##
##...# #e...y#°# #...###


You could see 2 deep elf annihilators, a deep elf elementalist (fast, repels
missiles), 3 moths of wrath, an earth elemental (summoned), a deep elf
zephyrmancer, 2 orc sorcerers and a friendly hellwing (summoned).

Vanquished Creatures
  Gastronok (Lair:3)
  A deep elf elementalist (Orc:1)
  A reaper (Gauntlet)
  A dire elephant (Lair:5)
  A minotaur (Gauntlet)
  An ettin (Orc:1)
  8 vault guards (D:14)
  4 hydras
  An ogre mage (Orc:1)
  A centaur warrior (D:13)
  A catoblepas (Lair:5)
  8 two-headed ogres
  3 boulder beetles
  6 death yaks (Lair:5)
  A deep troll shaman (Lair:5)
  A tengu warrior (D:14)
  Sonja (D:12)
  Urug (Lair:5)
  Nergalle (D:11)
  Amaemon (Lair:2)
  Lodul (D:13)
  A deep troll (Orc:1)
  An obsidian statue (Gauntlet)
  3 wizards
  An orc knight (Orc:1)
  A deep elf pyromancer (D:12)
  12 ugly things
  5 cyclopes
  12 elephants
  A moth of wrath (Orc:1)
  3 manticores
  8 black mambas
  4 gargoyles
  An orange demon (Lair:2)
  Maggie (D:8)
  8 cane toads
  6 komodo dragons
  An unseen horror (D:12)
  3 rime drakes
  A tengu conjurer (D:14)
  2 burning bushes (Lair:2)
  A silent spectre (Orc:1)
  A hellwing (Gauntlet)
  4 polar bears
  9 trolls
  A hornet (D:6)
  38 blink frogs
  12 dream sheep (Lair:5)
  8 slime creatures (D:13)
  2 shadows
  9 wyverns
  34 yaks
  A wraith (D:10)
  2 basilisks
  5 vampire mosquitoes
  3 steam dragons
  Grum (D:9)
  2 nagas (Lair:3)
  10 water moccasins
  An acid dragon (D:12)
  6 ice beasts
  A floating eye (shapeshifter) (D:14)
  2 sky beasts (D:7)
  4 orc warriors
  A black bear (shapeshifter) (D:14)
  10 ogres
  23 wolves
  6 centaurs
  3 kobold brigands
  Blork the orc (D:4)
  10 bullfrogs
  A necrophage (D:6)
  A gnoll sergeant (D:8)
  2 scorpions
  4 wights (D:9)
  A killer bee (D:8)
  7 howler monkeys
  6 orc priests
  2 hounds
  3 gnoll boudas
  2 jellies
  5 iguanas
  An iron imp (D:6)
  Ijyb (D:5)
  11 orc wizards
  Natasha (twice) (D:3)
  19 gnolls
  6 adders
  A shadow imp (D:7)
  2 white imps (D:6)
  An ufetubus (D:6)
  3 worms
  3 dart slugs
  54 orcs
  6 ball pythons
  5 bats
  5 endoplasms
  3 giant cockroaches (D:1)
  10 goblins
  3 hobgoblins
  6 quokkas
  9 frilled lizards
  A goblin skeleton (D:6)
  A goblin zombie (D:6)
  2 hobgoblin zombies (D:6)
  18 kobolds
  A kobold skeleton (D:6)
  An orc zombie (D:6)
  5 rats
545 creatures vanquished.

Vanquished Creatures (collateral kills)
  A yak (Lair:3)
  An iguana (D:5)
  An orc (D:5)
3 creatures vanquished.

Vanquished Creatures (others)
  A gnoll (D:8)
  4 demonic plants (Gauntlet)
  13 fungi
  15 plants
33 creatures vanquished.

Grand Total: 581 creatures vanquished

Notes
Turn   | Place    | Note
-------+----------+-------------------------------------------
     0 | D:1      | Iich the Demonspawn Berserker began the quest for the Orb.
     0 | D:1      | Reached XP level 1. HP: 18/18 MP: 1/1
   154 | D:1      | Reached skill level 3 in Axes
   167 | D:1      | Gained mutation: You have a pair of small horns on your
                  | head. [demonic ancestry]
   167 | D:1      | Reached XP level 2. HP: 19/24 MP: 2/2
   544 | D:1      | Found Viff's Jewellery Boutique.
  1101 | D:2      | Reached ** piety under Trog
  1102 | D:2      | Gained mutation: Your demonic aura sometimes causes spilled
                  | blood to erupt in flames. [demonic ancestry]
  1102 | D:2      | Reached XP level 3. HP: 14/29 MP: 3/3
  1454 | D:2      | Reached skill level 4 in Axes
  1503 | D:2      | Gained mutation: Your demonic aura often causes spilled
                  | blood to erupt in flames. [demonic ancestry]
  1503 | D:2      | Reached XP level 4. HP: 33/36 MP: 4/4
  2321 | D:3      | Noticed Natasha
  2335 | D:3      | Killed Natasha
  2336 | D:3      | Gained mutation: Your demonic aura causes all spilled blood
                  | to erupt in flames. [demonic ancestry]
  2336 | D:3      | Reached XP level 5. HP: 27/42 MP: 5/5
  2581 | D:3      | Noticed Natasha
  2593 | D:3      | Killed Natasha
  2594 | D:3      | Reached skill level 5 in Axes
  3626 | D:4      | Found a shadowy altar of Dithmenos.
  3629 | D:4      | Noticed Blork the orc
  3633 | D:4      | Killed Blork the orc
  3634 | D:4      | Reached XP level 6. HP: 48/48 MP: 6/6
  3888 | D:4      | Reached skill level 6 in Axes
  4157 | D:5      | Entered Level 5 of the Dungeon
  4159 | D:5      | Noticed Ijyb
  4166 | D:5      | Killed Ijyb
  4479 | D:5      | Found a shimmering blue altar of Sif Muna.
  4494 | D:5      | Gained mutation: A weak demonic guardian rushes to your
                  | aid. [demonic ancestry]
  4494 | D:5      | Reached XP level 7. HP: 51/55 MP: 7/7
  4745 | D:5      | Reached skill level 5 in Fighting
  4745 | D:5      | Reached skill level 7 in Axes
  5230 | D:6      | Gained mutation: You have a pair of horns on your head.
                  | [demonic ancestry]
  5230 | D:6      | Reached XP level 8. HP: 62/63 MP: 8/8
  5317 | D:6      | Reached skill level 8 in Axes
  5470 | D:6      | Noticed a hornet
  5478 | D:6      | Paralysed by a hornet for 2 turns
  5481 | D:6      | Killed a hornet
  5650 | D:6      | Reached *** piety under Trog
  5684 | D:6      | Reached skill level 9 in Axes
  5841 | D:6      | Found a snail-covered altar of Cheibriados.
  6179 | D:6      | Found an opulent altar of Gozag.
  6500 | D:7      | Found Fusmenam's Antique Armour Shop.
  6545 | D:7      | Bought a pair of glowing gloves for 157 gold pieces
  6550 | D:7      | Bought a twisted scale mail for 189 gold pieces
  6550 | D:7      | Identified the +0 scale mail "Kehaozif" {Contam Rampage
                  | Dex+8} (You bought it in a shop on level 7 of the Dungeon)
  6577 | D:7      | Found Dumnahunt's Assorted Antiques.
  6714 | D:7      | Found a bloodstained altar of Trog.
  6714 | D:7      | Found a hide-covered altar of Uskayaw.
  6760 | D:7      | Found Jeigruklim's Antique Armour Emporium.
  6771 | D:7      | Gained mutation: You are partially covered in yellow
                  | scales. (AC +2) [demonic ancestry]
  6771 | D:7      | Reached XP level 9. HP: 56/71 MP: 9/9
  6888 | D:7      | Found Xalodiy Vuell's Jewellery Shop.
  6992 | D:7      | Reached skill level 10 in Axes
  7259 | D:8      | Noticed Maggie
  7271 | D:8      | Killed Maggie
  7280 | D:8      | Reached skill level 11 in Axes
  8199 | D:9      | Noticed Grum
  8201 | D:9      | Noticed a rime drake
  8805 | D:9      | Noticed a troll
  8809 | D:9      | Reached XP level 10. HP: 76/79 MP: 10/10
  8811 | D:9      | Reached skill level 12 in Axes
  8813 | D:9      | Reached **** piety under Trog
  8822 | D:9      | Killed Grum
  9189 | D:9      | Reached skill level 13 in Axes
  9245 | D:9      | Found a staircase to the Lair.
  9711 | D:10     | Entered Level 10 of the Dungeon
 10226 | D:10     | Noticed a two-headed ogre
 10233 | D:10     | Killed a two-headed ogre
 10501 | D:11     | Reached skill level 14 in Axes
 10536 | D:11     | Noticed a cyclops
 10542 | D:11     | Killed a cyclops
 10543 | D:11     | Reached XP level 11. HP: 87/87 MP: 11/11
 10797 | D:11     | Noticed a brown ugly thing
 10803 | D:11     | Killed a brown ugly thing
 11008 | D:7      | Bought an amulet of regeneration for 420 gold pieces
 11209 | D:11     | Found a staircase to the Orcish Mines.
 11239 | D:11     | Noticed Nergalle
 11253 | D:11     | Killed Nergalle
 11577 | Lair:1   | Entered Level 1 of the Lair of Beasts
 11583 | Lair:1   | Reached skill level 15 in Axes
 11706 | Lair:1   | Reached ***** piety under Trog
 11731 | Lair:1   | Reached skill level 16 in Axes
 11733 | Lair:1   | Gained mutation: You are mostly covered in yellow scales.
                  | (AC +3) [demonic ancestry]
 11733 | Lair:1   | Reached XP level 12. HP: 64/96 MP: 12/12
 12157 | Lair:1   | Identified the +11 falchion of Uvaptel {antimagic, rF+ rC+
                  | Str-5 Int+10}
 12437 | Lair:1   | Reached skill level 10 in Fighting
 12437 | Lair:1   | Reached skill level 5 in Armour
 12437 | Lair:1   | Reached XP level 13. HP: 104/104 MP: 13/13
 12505 | Lair:2   | Noticed Amaemon
 12522 | Lair:2   | Killed Amaemon
 12657 | Lair:2   | Reached skill level 17 in Axes
 13379 | Lair:3   | Found a staircase to the Shoals.
 13441 | Lair:3   | Found a staircase to the Snake Pit.
 13532 | Lair:3   | Received a gift from Trog
 13648 | Lair:3   | Noticed Gastronok
 13649 | Lair:3   | Found a gate leading to a gauntlet.
 13659 | Lair:3   | Killed Gastronok
 13687 | Gauntlet | Entered a Gauntlet
 13687 | Gauntlet | Found a transporter.
 13696 | Gauntlet | Found a transporter.
 13712 | Gauntlet | Found a transporter.
 13716 | Gauntlet | Found a transporter.
 13736 | Gauntlet | Found a transporter.
 13749 | Gauntlet | Found a transporter.
 13754 | Gauntlet | Found a transporter.
 13758 | Gauntlet | Found a transporter.
 13789 | Gauntlet | Found a transporter.
 13809 | Gauntlet | Found a transporter.
 13813 | Gauntlet | Found a transporter.
 13821 | Gauntlet | Found a transporter.
 13844 | Gauntlet | Noticed a reaper
 13952 | Gauntlet | Killed a reaper
 14114 | Gauntlet | Identified the ring "Fiyhutz" {rN+ rCorr Dex+4}
 14170 | Gauntlet | Identified the +4 steam dragon scales of Perpetual Drought
                  | {Drain rN++ Str+7}
 14170 | Gauntlet | Noticed a minotaur
 14178 | Gauntlet | Killed a minotaur
 14179 | Gauntlet | Reached skill level 18 in Axes
 15071 | Lair:4   | Gained mutation: You have a pair of large horns on your
                  | head. [demonic ancestry]
 15071 | Lair:4   | Reached XP level 14. HP: 100/113 MP: 14/14
 15272 | Lair:4   | Found a staircase to the Slime Pits.
 15676 | Lair:5   | Entered Level 5 of the Lair of Beasts
 15766 | Lair:5   | Reached skill level 19 in Axes
 15778 | Lair:5   | Noticed Urug
 15782 | Lair:5   | Killed Urug
 16696 | Lair:5   | Identified the ring of Elyvilon's Favour {rC+ Dex+6}
 17306 | D:12     | Noticed Sonja
 17315 | D:12     | Killed Sonja
 17463 | D:12     | Reached skill level 1 in Shields
 17806 | D:12     | Received a gift from Trog
 18314 | D:13     | Found Gaboo's Distillery.
 18321 | D:13     | Bought a potion of heal wounds for 80 gold pieces
 18321 | D:13     | Bought a potion of mutation for 128 gold pieces
 18321 | D:13     | Bought a potion of curing for 48 gold pieces
 18321 | D:13     | Bought a potion of curing for 48 gold pieces
 18321 | D:13     | Bought a potion of curing for 48 gold pieces
 18321 | D:13     | Gained mutation: You occasionally lose the ability to read
                  | scrolls when taking damage. [potion of mutation]
 18321 | D:13     | Gained mutation: Your muscles are strong. (Str +4, Int/Dex
                  | -1) [potion of mutation]
 18389 | D:13     | Noticed Lodul
 18405 | D:13     | Killed Lodul
 18406 | D:13     | Gained mutation: You are completely covered in yellow
                  | scales. (AC +4, rCorr) [demonic ancestry]
 18406 | D:13     | Reached XP level 15. HP: 124/124 MP: 15/15
 18498 | D:13     | Found Posarcho's Armour Boutique.
 18579 | D:13     | Found Juph's Antique Weapon Emporium.
 18603 | D:13     | Bought an iridescent bardiche for 448 gold pieces
 18603 | D:13     | Identified the +5 bardiche "Jocwos" {flame, rPois rF- Will+
                  | rCorr} (You bought it in a shop on level 13 of the Dungeon)
 18760 | D:13     | Found Jabofy's Antique Weapon Shoppe.
 18811 | D:13     | Found Unygafyn's Assorted Antiques.
 19258 | D:14     | Reached skill level 5 in Shields
 19535 | D:14     | Found a gate to the Vaults.
 19807 | D:14     | Reached skill level 15 in Fighting
 19811 | D:15     | Entered Level 15 of the Dungeon
 19895 | Orc:1    | Entered Level 1 of the Orcish Mines
 20334 | Orc:1    | Found Unnu's Antique Armour Shop.
 20344 | Orc:1    | Found a transporter.
 20414 | Orc:1    | Bought a distressingly furry chain mail for 247 gold pieces
 20414 | Orc:1    | Identified the +1 chain mail of a Thousand Hosts {rF+ rN+}
                  | (You bought it in a shop on level 1 of the Orcish Mines)
 20439 | Orc:1    | Found a transporter.
 20439 | Orc:1    | Found a runed translucent door.
 20439 | Orc:1    | Found a bloodstained altar of Trog.
 20439 | Orc:1    | Found the necklace of Bloodlust {*Rage Will++ Int-3 Slay+6}
 20455 | Orc:1    | Found the +8 trishula "Condemnation" {holy, anguish, *Noise
                  | Fly rN+}
 20679 | Orc:1    | Killed from afar by a deep elf elementalist

Illustrated notes

Levels and vault maps discovered:
D:1:      amcnicky_arrival_abandoned_market, layout_basic, serial_shops, shop,
          minmay_box_of_dots
D:2:      layout_rooms, chequers_serial_rivers_small_b
D:3:      layout_basic, uniq_natasha
D:4:      layout_basic, zin_treasury, old_standard_altar,
          minmay_temple_entry_from_below_a, corexii_corridor_pit,
          minmay_misc_feat_rows, uniq_blork_the_orc
D:5:      layout_loops_ring, amcnicky_altar_gilded, uniq_ijyb
D:6:      layout_loops_corners, mainiacjoe_overflow_catch_the_wave,
          nicolae_tso_besieged_by_evil, minmay_checkerbox
D:7:      minmay_klotski, layout_loops_cross, gammafunk_temple_overflow_statue,
          serial_shops, nicolae_shop_stone, nicolae_lakefront_shop, shop_statue,
          shop, corexii_checkpoint_b
D:8:      layout_loops_ring, uniq_maggie
D:9:      layout_rooms, hellmonk_lair_entry_icy, st_stairs_9, uniq_grum
D:10:     layout_roguey
D:11:     layout_roguey, hiddenorc1_lemuel, uniq_nergalle
D:12:     minmay_bloctagon_deflated, layout_gridville, uniq_sonja
D:13:     layout_roguey, serial_shops, nicolae_shop_advertising_works
          [nicolae_subvault_shop_adworks], shop_statue, nicolae_shop_stone,
          nicolae_shop_trees, shop, kennysheep_generic_room_3, uniq_lodul
D:14:     layout_long_grid, erik_vaults_2, kennysheep_path_1
D:15:     hangedman_depths_entry_try_elsewhere_first, layout_layer_cave
Lair:1:   layout_chaotic_city, chequers_serial_rivers_marsh,
          cheibrodos_lair_reptile_den, grunt_megastairs_2
Lair:2:   layout_hall_layers, evilmike_ambush [evilmike_ambush_outer_basic,
          evilmike_ambush_inner_basic], uniq_amaemon
Lair:3:   layout_cave_pods, shoals_dummy_entry, guppyfry_snake_entry_island,
          gauntlet_entry_generic, uniq_gastronok
Lair:4:   layout_roguey, dpeg_slime_entry_enclosed, minivault_25,
          infiniplex_staircase_pool_2, grunt_megastairs_3
Lair:5:   grunt_lair_end_beastmaster, layout_regular_city, grunt_megastairs_4,
          uniq_urug
Orc:1:    emtedronai_trogs_sanctum, layout_diamond_mine, serial_shops,
          nicolae_shop_hallway_stairs, basic_altar

Skill      XL: |  1  2  3  4  5  6  7  8  9 10 11 12 13 14 15 |
---------------+----------------------------------------------+-----
Axes           | 3 4 5 6 7 9 11 14 16 18 19 | 19.8
Fighting       | 4 5 6 7 8 9 10 11 13 15 | 15.3
Armour         | 5 |  5.0
Dodging        | 3 |  3.7
Shields        | 3 6 |  6.6
Throwing       | |  0.3

Action                   |  1- 3 |  4- 6 |  7- 9 | 10-12 | 13-15 || total
-------------------------+-------+-------+-------+-------+-------++-------
Melee: Hand axe          |   107 |   123 |    20 |       |       ||   250
       Headbutt          |    14 |    24 |    58 |    47 |   189 ||   332
       Punch             |     2 |     3 |     3 |     3 |     3 ||    14
       Unarmed           |       |     5 |       |       |       ||     5
       War axe           |       |       |   210 |   261 |   120 ||   591
       Battleaxe         |       |       |       |       |   202 ||   202
       Demon whip        |       |       |       |       |   335 ||   335
Throw: Dart              |       |     1 |       |       |       ||     1
Invok: Berserk           |     2 |    10 |     8 |     9 |     7 ||    36
       Trog's Hand       |       |       |     1 |       |     5 ||     6
       Brothers in Arms  |       |       |       |       |     1 ||     1
  Use: Scroll            |     2 |     3 |     4 |     6 |    12 ||    27
       Potion            |       |     5 |     3 |     2 |     5 ||    15
 Stab: Sleeping          |       |     1 |       |       |     6 ||     7
       Distracted        |       |       |       |       |     1 ||     1
Armor: Animal skin       |    12 |     6 |       |       |       ||    18
       Plate armour      |       |    20 |       |       |       ||    20
       Chain mail        |       |    24 |    55 |       |       ||    79
       Skin              |       |     1 |       |       |       ||     1
       Scale mail        |       |       |    84 |    80 |       ||   164
       Swamp dragon scal |       |       |       |    21 |    72 ||    93
       Steam dragon scal |       |       |       |       |   153 ||   153
Dodge: Dodged            |    72 |    53 |   105 |   163 |   407 ||   800
Block: Kite shield       |       |       |       |       |    84 ||    84

Table legend: (Time is in decaauts)
 A = Elapsed time spent in this place.
 B = Non-inter-level travel time spent in this place.
 C = Inter-level travel time spent in this place.
 D = Time resting spent in this place.
 E = Time spent auto-exploring this place.
 F = Levels seen in this place.
 G = Mean time per level.
                   A        B        C        D        E       F      G
               +--------+--------+--------+--------+--------+-----+--------+
         Total |  20772 |  19862 |    910 |   3359 |  12987 |  22 |  944.2 |
       Dungeon |  14419 |  13720 |    699 |   2757 |   9004 |  15 |  961.3 |
          Lair |   5005 |   4794 |    211 |    439 |   3384 |   5 | 1001.0 |
  Orcish Mines |    754 |    754 |      0 |      0 |    423 |   1 |  754.0 |
      Gauntlet |    592 |    592 |      0 |    162 |    174 |   1 |  592.0 |
               +--------+--------+--------+--------+--------+-----+--------+

Top non-repeatable levels by time:
     D:8: 2000 daAuts
     D:3: 1611 daAuts
  Lair:5: 1459 daAuts
     D:6: 1247 daAuts
     D:1: 1106 daAuts
     D:5: 1048 daAuts
  Lair:3: 1011 daAuts
    D:12: 997 daAuts
    D:11: 978 daAuts
  Lair:2: 915 daAuts
  Lair:1: 884 daAuts
    D:10: 869 daAuts
     D:4: 869 daAuts
     D:7: 829 daAuts
    D:13: 767 daAuts
